 Dungeon Crawl Stone Soup version 0.29.1-12-g30fa7ad0bf (webtiles) character file.

Game seed: 15143985593113939135

14 Descartes the Sneak (level 2, -15/13 HPs)
             Began as a Spriggan Wanderer on Dec 16, 2022.
             Demolished by a kobold
             ... wielding a +1 whip of electrocution
              (20 damage)
             ... on level 1 of the Dungeon.
             The game lasted 00:01:34 (717 turns).

Descartes the Sneak (Spriggan Wanderer)              Turns: 717, Time: 00:01:34

Health: -15/13     AC:  2    Str:  6    XL:     2   Next: 31%
Magic:  5/5        EV: 16    Int: 14    God:
Gold:   26         SH:  0    Dex: 15    Spells: 2/3 levels left

rFire   . . .      SeeInvis +   a - +2 dagger
rCold   . . .      Faith    .   (no shield)
rNeg    . . .      Spirit   .   f - +0 robe
rPois   .          Reflect  .   (helmet restricted)
rElec   .          Harm     .   (no cloak)
rCorr   .          Rampage  .   (gloves unavailable)
Will    .....                   (boots unavailable)
Stlth   +++.......              (no amulet)
HPRegen 0.04/turn               (no ring)
MPRegen 0.09/turn               (no ring)

@: very quick
A: very small, no large weapons, unfitting armour, see invisible, speed 3
a: no special abilities


You were on level 1 of the Dungeon.
You visited 1 branch of the dungeon, and saw 1 of its levels.

You collected 26 gold pieces.

Inventory:

Hand Weapons
 a - a +2 dagger (weapon)
 d - a +0 dagger
Missiles
 c - 8 poisoned darts (quivered)
Armour
 f - a +0 robe (worn)
Magical Staves
 h - a staff of fire
Scrolls
 g - a scroll of fear {unknown}
 i - a scroll of fog {unknown}
Potions
 b - a potion of invisibility
 e - a potion of brilliance


   Skills:
 + Level 0.7 Short Blades
 + Level 2.2 Throwing
 + Level 1.9 Dodging
 + Level 4.7 Stealth
 - Level 1.3 Spellcasting
 - Level 1.5 Ice Magic
 + Level 1.9 Evocations


You had 2 spell levels left.
You knew the following spells:

 Your Spells              Type           Power      Damage    Failure   Level
a - Freeze                Ice            20%        1d4       14%         1

Your spell library contained the following spells:

 Spells                   Type           Power      Damage    Failure   Level
 Ozocubu's Armour         Ice            5%         N/A       38%         3


Dungeon Overview and Level Annotations

Branches:
Dungeon (1/15)

Altars:


Innate Abilities, Weirdness & Mutations

You are very small and have problems with some larger weapons.
You are too small for most types of armour.
You have supernaturally acute eyesight. (SInv)
You cover ground extremely quickly. (Speed+++)


Message History

The giant cockroach bites you but does no damage.
The kobold misses you. The endoplasm freezes you.
You are frozen.
You are too injured to fight recklessly!
You are too injured to fight recklessly!
You are too injured to fight recklessly!
You are too injured to fight recklessly!
You are too injured to fight recklessly!
You are too injured to fight recklessly!
You are too injured to fight recklessly!
You are too injured to fight recklessly!
You are too injured to fight recklessly!
You are too injured to fight recklessly!
You are too injured to fight recklessly!
You are too injured to fight recklessly!
You are too injured to fight recklessly!
You are too injured to fight recklessly!
You are too injured to fight recklessly!
You are too injured to fight recklessly!
You are too injured to fight recklessly!
Unknown command.
The kobold throws a stone.
The stone misses you.
You enter the shallow water.
Moving in this stuff is going to be slow.
You enter the shallow water.
Moving in this stuff is going to be slow.
There is an open door here.
You close the door.
You hear a splashing noise.
You hear a splashing noise.
Something unseen opens the door.
You sense a monster nearby.
No target in view!
The kobold shouts!
You closely miss the kobold.
The kobold hits you with a +1 whip of electrocution.
You are electrocuted!!
Ouch! That really hurt!
You die...

### #### #.+ ..#
#.# #.# #.#
#.######### #.#
#.........#
##K####.........#
#<@'............###
##.####............
#.# #............
#.########.####...
#.#...##†..###>...
#.+...............
###..>........##..
#.............#...
#.................


You could see a kobold.

Vanquished Creatures
  A dart slug (D:1)
  A ball python (D:1)
  A bat (D:1)
  An endoplasm (D:1)
  A giant cockroach (D:1)
  A hobgoblin (D:1)
  A kobold (D:1)
  A quokka (D:1)
  2 frilled lizards (D:1)
  A rat (D:1)
11 creatures vanquished.

Vanquished Creatures (others)
  2 plants (D:1)
2 creatures vanquished.

Grand Total: 13 creatures vanquished

Notes
Turn   | Place    | Note
-------+----------+-------------------------------------------
     0 | D:1      | Descartes the Spriggan Wanderer began the quest for the
                  | Orb.
     0 | D:1      | Descartes set off with the following items: a +2 dagger, a
                  | potion of invisibility, 8 poisoned darts, a +0 dagger, a
                  | potion of brilliance, a +0 robe; and the following spell
                  | memorised: Freeze; and the following spells available to
                  | memorise: Ozocubu's Armour.
     0 | D:1      | Reached XP level 1. HP: 9/9 MP: 3/3
   204 | D:1      | Reached XP level 2. HP: 5/13 MP: 5/5
   717 | D:1      | Demolished by a kobold

Illustrated notes

Levels and vault maps discovered:
D:1:      minmay_arrival_three_doors, layout_rooms,
          ebering_ecumenical_altar_hall, minmay_misc_feat_rows,
          serial_bayou_crossing

Action                   || total
-------------------------++-------
Melee: Dagger            ||    36
 Stab: Sleeping          ||     4
Armor: Robe              ||     3
Dodge: Dodged            ||    32
